 Dungeon Crawl Stone Soup version 0.31-a0-971-g75a2e9a4b4 (webtiles) character file.

Game seed: 971071711426268352

35 Arzdou the Changeling (level 3, -1/23 HPs)
             Began as an Octopode Shapeshifter on Oct 28, 2023.
             Slain by an orc
             ... wielding a +0 flail
              (8 damage)
             ... on level 2 of the Dungeon.
             The game lasted 00:01:16 (937 turns).

Arzdou the Changeling (Octopode Shapeshifter)        Turns: 937, Time: 00:01:16

Health: -1/23      AC:  1    Str: 15    XL:     3   Next: 33%
Magic:  3/3        EV: 13    Int: 12    God:
Gold:   52         SH:  0    Dex: 11    Spells: 2/2 levels left

rFire   . .          .
                       - Unarmed
rCold   . . .        (no shield)
rNeg    . . .        (helmet currently unavailable)
rPois   .            (no amulet)
rElec   .            (no ring)
rCorr   .            (no ring)
SInv    .            (no ring)
Will    .....        (no ring)
Stlth   ++           (no ring)
HPRegen 0.23/turn    (no ring)
MPRegen 0.08/turn    (no ring)
                     (no ring)

%: no passive effects
@: beast-form
A: beast (slay +2), almost no armour, amphibious, 8 rings, camouflage 1,
gelatinous body 1, (nimble swimmer 1), tentacles
a: Begin Untransformation


You were on level 2 of the Dungeon.
You were a hulking beast.
You visited 1 branch of the dungeon, and saw 2 of its levels.

You collected 52 gold pieces.

Inventory:

Talismans
 b - a beast talisman
 c - a flux talisman
Scrolls
 d - a scroll of torment {unknown}
 e - a scroll of vulnerability {unknown}
 f - a scroll of amnesia {unknown}
 g - a scroll of blinking {unknown}
 h - a scroll of teleportation {unknown}
Potions
 a - 2 potions of lignification


   Skills:
 - Level 1.3 Fighting
 - Level 2.2 Dodging
 - Level 3.2 Unarmed Combat
 + Level 3.7 Shapeshifting


You had 2 spell levels left.
You didn't know any spells.
Your spell library was empty.

Dungeon Overview and Level Annotations

Branches:
Dungeon (2/15)

Altars:


Innate Abilities, Weirdness & Mutations

You are a hulking beast.
Your limbs bulge with bestial killing power. (Slay +2)
You cannot wear most types of armour.
You are amphibious.
You can wear up to eight rings at the same time.
Your skin changes colour to match your surroundings (Stealth+).
Your rubbery body absorbs attacks. (AC +1, EV +1)
((You are camouflaged when in or above water. (Stealth+)))
You have tentacles for arms and can constrict up to eight enemies at once.


Message History

You tentacle-slap the orc but do no damage.
You grab the orc.
You constrict the orc, but do no damage.
The orc hits you with a +0 club.
You release your grip on the orc.
You barely miss the orc. Your grab misses the orc.
You squeeze the orc, but do no damage. The orc misses you.
You closely miss the orc. Your grab misses the orc. The orc closely misses you.
You closely miss the orc. You grab the orc.
You constrict the orc, but do no damage.
The orc hits you with a +0 club.
You barely miss the orc.
You constrict the orc, but do no damage.
The orc hits you with a +0 club.
You tentacle-slap the orc.
The orc is heavily wounded.
You constrict the orc. You bludgeon the orc!
You kill the orc!
You tentacle-slap the orc but do no damage.
You grab the orc.
You constrict the orc, but do no damage.
The orc misses you.
The orc priest looks braver for a moment.
You tentacle-slap the orc but do no damage.
You constrict the orc, but do no damage.
The orc hits you with a +0 flail.
You tentacle-slap the orc but do no damage.
You constrict the orc. The orc barely misses you.
You tentacle-slap the orc but do no damage.
The orc is lightly wounded.
You constrict the orc. The orc closely misses you.
You tentacle-slap the orc.
The orc is heavily wounded.
You constrict the orc. The orc misses you.
The orc priest looks encouraged for a moment.
You tentacle-slap the orc but do no damage.
The orc is severely wounded.
You constrict the orc. The orc hits you with a +0 flail!
You die...

.)....##.#
##.#..#.......#
..†...##.#
#.#..##.....##
...††.##.# #o#..#
......##.# #.#
......##.# #.#
...)...#.# #.#
.......#.###### #.#
.......#......####.#####
######.######.##hoo#...#
#.#....#.####†#...#
#.##..##.# #.##..#
#.##..##.####.....#
#.....##..........#
#####.############# #.#
#.# #<#


You could see an orc priest and an orc.

Vanquished Creatures
  A dart slug (D:2)
  An orc (D:2)
  5 bats
  5 endoplasms (D:1)
  3 goblins
  2 hobgoblins
  3 jackals (D:1)
  A quokka (D:2)
  2 ball pythons (D:1)
  5 kobolds (D:1)
  A rat (D:2)
29 creatures vanquished.

Notes
Turn   | Place    | Note
-------+----------+-------------------------------------------
     0 | D:1      | Arzdou the Octopode Shapeshifter began the quest for the
                  | Orb.
     0 | D:1      | Reached XP level 1. HP: 13/13 MP: 1/1
   109 | D:1      | Reached XP level 2. HP: 17/18 MP: 2/2
   697 | D:1      | Reached XP level 3. HP: 23/23 MP: 3/3
   937 | D:2      | Slain by an orc

Illustrated notes

Levels and vault maps discovered:
D:1:      heliophobic_arrival_henge, layout_loops_ring, minmay_stone_trees_small
D:2:      cheibrodos_pilgrimage, layout_basic

Action                     || total
---------------------------++-------
  Melee: Unarmed           ||    60
         Constrict         ||    13
         Punch             ||     3
         Tentacles         ||     8
   Stab: Sleeping          ||     9
 Armour: Skin              ||    24
  Dodge: Dodged            ||    35

Table legend: (Time is in decaauts)
 A = Elapsed time spent in this place.
 B = Non-inter-level travel time spent in this place.
 C = Inter-level travel time spent in this place.
 D = Time resting spent in this place.
 E = Time spent auto-exploring this place.
 F = Levels seen in this place.
 G = Mean time per level.
                   A        B        C        D        E       F      G
               +--------+--------+--------+--------+--------+-----+--------+
         Total |    933 |    890 |     43 |      0 |    708 |   2 |  466.5 |
       Dungeon |    933 |    890 |     43 |      0 |    708 |   2 |  466.5 |
               +--------+--------+--------+--------+--------+-----+--------+

Top non-repeatable levels by time:
     D:1: 759 daAuts
     D:2: 173 daAuts
